 Dungeon Crawl Stone Soup version 0.28.0-47-ge53b351184 (webtiles) character file.

Game seed: 1991150859221348635

112 NinjaNoafa the Digger (level 4, 0/33 HPs)
             Began as a Draconian Earth Elementalist on May 3, 2022.
             Succumbed to an adder's poison
             ... on level 3 of the Dungeon.
             The game lasted 00:05:04 (2138 turns).

NinjaNoafa the Digger (DrEE)                        Turns: 2138, Time: 00:05:05

Health: 0/33       AC:  7    Str:  9 (10) XL:     4   Next: 64%
Magic:  0/7        EV: 12    Int: 15 (17) God:
Gold:   63         SH:  0    Dex: 11 (12) Spells: 7/8 levels left

rFire   . . .      SeeInvis .   k - staff of conjuration
rCold   . . .      Faith    .   (no shield)
rNeg    + . .      Spirit   .   (armour unavailable)
rPois   .          Reflect  .   (helmet restricted)
rElec   .          Harm     .   i - +1 cloak
rCorr   .          Rampage  .   (no gloves)
Will    .....                   (no boots)
Stlth   ++........              (no amulet)
HPRegen 0.11/turn               f - ring of positive energy
MPRegen 0.10/turn               (no ring)

@: lethally poisoned (0 -> -1)
A: AC +5, unfitting armour, cold-blooded
a: no special abilities


You were on level 3 of the Dungeon.
You visited 1 branch of the dungeon, and saw 3 of its levels.

You collected 63 gold pieces.

Inventory:

Hand Weapons
 j - a +2 dagger of protection
Missiles
 b - 60 stones
 c - 7 poisoned darts
Armour
 i - a +1 cloak (worn)
Magical Staves
 k - a staff of conjuration (weapon)
Jewellery
 f - a ring of positive energy (left hand)
 h - a ring of fire
Scrolls
 e - a scroll of amnesia


   Skills:
 - Level 2.2 Dodging
 - Level 2.3 Stealth
 + Level 2.5 Spellcasting
 + Level 1.5 Conjurations
 - Level 1.7 Transmutations
 - Level 3.3 Earth Magic
 + Level 1.5 Evocations


You had 7 spell levels left.
You knew the following spells:

 Your Spells              Type           Power      Damage    Failure   Level
a - Sandblast             Erth           22%        2d7       5%          1

Your spell library contained the following spells:

 Spells                   Type           Power      Damage    Failure   Level
 Passwall                 Tmut/Erth      7%         N/A       11%         2
 Stone Arrow              Conj/Erth      26%        3d8       22%         3
 Call Canine Familiar     Summ           1%         N/A       54%         3
 Portal Projectile        Hex/Tloc       2%         N/A       54%         3
 Petrify                  Tmut/Erth      9%         N/A       58%         4
 Leda's Liquefaction      Hex/Erth       3%         N/A       71%         4


Dungeon Overview and Level Annotations

Branches:
Dungeon (3/15)

Altars:


Innate Abilities, Weirdness & Mutations

Your plain brown scales are hard. (AC +5)
You cannot fit into any form of body armour.
You are cold-blooded and may be slowed by cold attacks.


Message History

You closely miss the adder.
You feel sick. The adder misses you.
The blast of sand misses the adder.
You feel sick. The adder bites you. x2
You are more poisoned.
The adder poisons you!
You closely miss the adder.
You feel sick. The adder bites you.
You closely miss the adder.
Your tail-slap misses the adder.
You feel sick. The adder barely misses you.
The adder bites you but does no damage.
You barely miss the adder.
You feel sick. The adder bites you.
* * * LOW HITPOINT WARNING * * *
You aren't carrying any potions.
Okay, then.
You feel sick. The adder closely misses you.
You feel sick.
You are no longer poisoned.
Okay, then.
Found a plate armour.
The adder bites you.
* * * LOW HITPOINT WARNING * * *
You are lethally poisoned!
The adder poisons you!
You are too injured to fight recklessly!
You barely miss the adder. You tail-slap the adder.
The adder is lightly wounded.
* * * LOW HITPOINT WARNING * * *
You feel sick. The adder misses you.
Casting: Sandblast (safe; 5% risk of failure)
Confirm with . or Enter, or press ? or * to list all spells.
Aiming: Sandblast (safe; 5% risk of failure)
Press: ? - help, Shift-Dir - straight line, f/p - adder
Aim: an adder (lightly wounded, 66% to hit)
The blast of sand hits the adder!
You kill the adder!
* * * LOW HITPOINT WARNING * * *
You feel sick.
There is a lethal amount of poison in your body!
There is a lethal amount of poison in your body!
* * * LOW HITPOINT WARNING * * *
You feel sick.
* * * LOW HITPOINT WARNING * * *
You feel sick.
You die...

## #.##########
#Y##
#...........
#...
............
...w
#.#.........
#.#.........
###.#..#####
#...
#..........# #.
#..#
#.#@#..###.# #.
#..# #[..#..#
.# #. #..#
#####.†###.###.
#..#
#..).....#.
#..#
#...<#.#.#.
#..# ###### #
#.##..#
..#.#.<..).
...........#
...#.#......


There were no monsters in sight!

Vanquished Creatures
  6 adders
  2 dart slugs (D:1)
  7 endoplasms
  A giant cockroach (D:2)
  3 goblins
  6 hobgoblins
  4 kobolds
  4 quokkas
  6 ball pythons
  4 bats (D:1)
  3 frilled lizards (D:1)
  7 rats
53 creatures vanquished.

Notes
Turn   | Place    | Note
-------+----------+-------------------------------------------
     0 | D:1      | NinjaNoafa the Draconian Earth Elementalist began the quest
                  | for the Orb.
     0 | D:1      | Reached XP level 1. HP: 14/14 MP: 3/3
   231 | D:1      | Reached XP level 2. HP: 16/20 MP: 1/5
   664 | D:1      | Found a faded altar of an unknown god.
   791 | D:1      | Reached XP level 3. HP: 11/26 MP: 4/6
  1395 | D:2      | Reached XP level 4. HP: 21/33 MP: 3/7
  1503 | D:2      | Reached skill level 1 in Conjurations
  1503 | D:2      | Reached skill level 1 in Evocations
  1925 | D:3      | Noticed a sky beast
  1928 | D:3      | Noticed a centaur
  2137 | D:3      | HP: 1/33 [poisoned by an adder]
  2138 | D:3      | Succumbed to an adder's poison

Illustrated notes

Levels and vault maps discovered:
D:1:      sevenhm_arrival_forest_fort_small_4, layout_rooms,
          basic_ecumenical_altar
D:2:      layout_rooms, minmay_misc_feat_enclosed
D:3:      layout_basic

Skill      XL: |  1  2  3  4 |
---------------+-------------+-----
Stealth        | 2 |  2.3
Dodging        | 2 |  2.2
Conjurations   | 1 |  1.5
Evocations     | 1 |  1.5
Spellcasting   | |  2.5
Transmutations | |  1.7
Earth Magic    | |  3.3

Action                   |  1- 3 |  4- 6 || total
-------------------------+-------+-------++-------
Melee: Dagger            |    71 |       ||    71
       Tailslap          |     8 |     4 ||    12
       Punch             |     3 |       ||     3
       Staff             |     8 |    29 ||    37
 Cast: Sandblast         |    35 |    25 ||    60
  Use: Potion            |     2 |       ||     2
       Scroll            |       |     3 ||     3
 Stab: Sleeping          |     3 |       ||     3
Armor: Skin              |    37 |    16 ||    53
Dodge: Dodged            |    75 |    31 ||   106
